 Dungeon Crawl Stone Soup version 0.29.1-1-gd02db6906a (webtiles) character file.

Game seed: 328083108539284213

44 gzilladon the Chopper (level 3, -2/33 HPs)
             Began as a Hill Orc Monk on Sept 26, 2022.
             Slain by Natasha (5 damage)
             ... on level 3 of the Dungeon.
             The game lasted 00:01:37 (601 turns).

gzilladon the Chopper (Hill Orc Monk)                Turns: 601, Time: 00:01:38

Health: -2/33      AC:  2    Str: 13    XL:     3   Next: 60%
Magic:  3/3        EV: 13    Int: 10    God:
Gold:   18         SH:  0    Dex: 15    Spells: 2/2 levels left

rFire   . . .      SeeInvis .   a - +0 hand axe
rCold   . . .      Faith    .   (no shield)
rNeg    . . .      Spirit   .   b - +0 robe
rPois   .          Reflect  .   (no helmet)
rElec   .          Harm     .   (no cloak)
rCorr   .          Rampage  .   (no gloves)
Will    .....                   (no boots)
Stlth   ++........              (no amulet)
HPRegen 0.11/turn               (no ring)
MPRegen 0.08/turn               (no ring)

@: no status effects
A: no striking features
a: no special abilities


You were on level 3 of the Dungeon.
You visited 1 branch of the dungeon, and saw 3 of its levels.

You collected 18 gold pieces.

Inventory:

Hand Weapons
 a - a +0 hand axe (weapon)
Missiles
 e - 10 stones (quivered)
Armour
 b - a +0 robe (worn)
Scrolls
 d - a scroll of immolation {unknown}
 f - a scroll of teleportation {unknown}
 g - 2 scrolls of noise {unknown}
 j - a scroll of identify {unknown}
Potions
 c - a potion of ambrosia
 h - a potion of lignification {unknown}
 i - a potion of curing {unknown}


   Skills:
 + Level 4.1 Fighting
 * Level 5.1 Axes
 + Level 2.7 Dodging
 - Level 1.5 Stealth


You had 2 spell levels left.
You didn't know any spells.
Your spell library was empty.

Dungeon Overview and Level Annotations

Branches:
Dungeon (3/15)

Altars:

Annotations:
D:2 Jessica
D:3 Natasha


Message History

You kill Natasha!
Natasha screams in pain as she dies!
Your Fighting skill increases to level 4!
Your Axes skill increases to level 5!
You have reached level 3!
Your experience leads to an increase in your attributes!
Increase (S)trength, (I)ntelligence, or (D)exterity?
You feel agile. x2
You start resting.
Natasha, Servant of Life and Death comes into view.
Natasha is nearby!
j - a scroll labelled LAZOGEG GAITO Natasha hisses angrily.
Natasha casts a spell.
Natasha drinks a potion.
Natasha seems to speed up.
Natasha casts a spell.
The crimson imp blinks!
The crimson imp blinks!
Natasha mumbles some strange words.
Natasha shimmers violently.
Natasha howls an incantation.
You feel disoriented. Natasha completely misses you.
You miss Natasha. Natasha barely misses you. x2
You closely miss Natasha. Natasha claws you!
You hit Natasha but do no damage. Natasha misses you. Natasha claws you.
You closely miss Natasha. Natasha claws you.
You hit Natasha.
Natasha is lightly wounded.
Natasha mumbles some strange words.
Natasha closely misses you.
You closely miss Natasha.
Natasha is lightly wounded.
Natasha claws you!
* * * LOW HITPOINT WARNING * * *
The crimson imp shouts, "Turn tail, thou infectious boil-brained gonus!"
You barely miss Natasha.
Natasha is lightly wounded.
Natasha claws you.
You die...

################ #.
#.@h5..5.....§.# #$
.......############.#
#. .###### #.# #.
#5###! #.#...
####.#<.. #....h...
#.####... #.# #.†.


You could see Natasha (fast), a crimson imp (summoned) and a shadow imp
(summoned).

Vanquished Creatures
  Natasha (D:3)
  An adder (D:2)
  2 ball pythons
  A bat (D:3)
  A goblin (D:2)
  A hobgoblin (D:2)
  A frilled lizard (D:1)
  A kobold (D:1)
  A rat (D:1)
10 creatures vanquished.

Notes
Turn   | Place    | Note
-------+----------+-------------------------------------------
     0 | D:1      | gzilladon the Hill Orc Monk began the quest for the Orb.
     0 | D:1      | Reached XP level 1. HP: 19/19 MP: 1/1
   169 | D:2      | Reached XP level 2. HP: 12/27 MP: 2/2
   377 | D:2      | Noticed Jessica
   505 | D:3      | Noticed Natasha
   518 | D:3      | Killed Natasha
   519 | D:3      | Reached skill level 5 in Axes
   519 | D:3      | Reached XP level 3. HP: 17/33 MP: 3/3
   555 | D:3      | Noticed Natasha
   601 | D:3      | Slain by Natasha

Illustrated notes

Levels and vault maps discovered:
D:1:      dpeg_arrival_stone_temple_mockup, layout_loops_ring, serial_shops,
          nicolae_shop_trees
D:2:      layout_rooms, basic_altar, uniq_jessica
D:3:      layout_loops_ring, mainiacjoe_overflow_cross_hatched, uniq_natasha

Skill      XL: |  1  2 |
---------------+-------+-----
Fighting       | 4 |  4.1
Axes           | 5 |  5.1
Dodging        | |  2.7
Stealth        | |  1.5

Action                   || total
-------------------------++-------
Melee: Hand axe          ||    48
Armor: Robe              ||    10
Dodge: Dodged            ||    44
